[Event "EYCC Open-U12 2019"]
[Site "Bratislava"]
[Date "2019.08.06"]
[Round "5.34"]
[White "Nastore, Pavel-Alexandru"]
[Black "Rakovsky, Jakub"]
[Result "1-0"]
[ECO "B96"]
[WhiteElo "2084"]
[BlackElo "1663"]
[Annotator "NA"]
[PlyCount "41"]
[EventDate "2019.08.02"]
[EventType "swiss"]
[EventCountry "SVK"]
[SourceTitle "playchess.com"]
[Source "ChessBase"]
[SourceQuality "1"]
[TimeControl "40/5400+30:1800+30"]

1. e4 c5 2. Nf3 d6 3. d4 cxd4 4. Nxd4 Nf6 5. Nc3 a6 6. Bg5 e6 7. f4 h6 8. Bh4 Qb6 9. Qd2 Qxb2 10. Rb1 Qa3 11. f5 Nc6 12. fxe6 Nxd4 13. exf7+ Kxf7 14. Qxd4 g5 15. Bc4+ Kg6 16. O-O Bg7 17. Qd3 Qc5+ 18. Kh1 gxh4 19. e5+ Kg5 20. Rxf6 d5 21. Qg6# 1-0

[Event "EYCC Open-U12 2019"]
[Site "Bratislava"]
[Date "2019.08.06"]
[Round "5.35"]
[White "Gudmundsson, Gunnar Erik"]
[Black "Uritsky, Yonathan"]
[Result "0-1"]
[ECO "D85"]
[WhiteElo "1746"]
[BlackElo "2040"]
[Annotator "NA"]
[PlyCount "86"]
[EventDate "2019.08.02"]
[EventType "swiss"]
[EventCountry "SVK"]
[SourceTitle "playchess.com"]
[Source "ChessBase"]
[SourceQuality "1"]
[TimeControl "40/5400+30:1800+30"]

1. d4 Nf6 2. c4 g6 3. Nc3 d5 4. cxd5 Nxd5 5. e4 Nxc3 6. bxc3 Bg7 7. Be3 c5 8. Nf3 Qa5 9. Qd2 O-O 10. Rb1 cxd4 11. cxd4 Qxd2+ 12. Kxd2 Rd8 13. Bd3 Nc6 14. d5 Na5 15. Ke2 e6 16. Bf4 exd5 17. Bc7 Re8 18. Bxa5 dxe4 19. Bb5 exf3+ 20. Kxf3 Re5 21. Bc7 Rf5+ 22. Ke2 Be6 23. a4 Rc8 24. Rhc1 Bh6 25. Rc3 Bf4 26. Ba5 a6 27. Rxc8+ Bxc8 28. g4 Rd5 29. Kf3 Bd6 30. Bc4 Rxa5 31. Bb3 b5 32. Rd1 bxa4 33. Ba2 Bb7+ 34. Ke2 Re5+ 35. Kf1 Bb4 36. Rb1 Rb5 37. Rd1 Bc6 38. Rc1 Rc5 39. Rxc5 Bxc5 40. Ke2 Bd7 41. f3 Be6 42. Bxe6 fxe6 43. Kd2 a3 0-1

[Event "EYCC Open-U12 2019"]
[Site "Bratislava"]
[Date "2019.08.06"]
[Round "5.36"]
[White "Skreko, Igor"]
[Black "Cnejev, Vladimir-Alexandru"]
[Result "1/2-1/2"]
[ECO "D35"]
[WhiteElo "1688"]
[BlackElo "1907"]
[Annotator "NA"]
[PlyCount "115"]
[EventDate "2019.08.02"]
[EventType "swiss"]
[EventCountry "SVK"]
[SourceTitle "playchess.com"]
[Source "ChessBase"]
[SourceQuality "1"]
[TimeControl "40/5400+30:1800+30"]

1. d4 d5 2. c4 e6 3. Nc3 Nf6 4. cxd5 exd5 5. Bg5 c6 6. e3 Bf5 7. Qf3 Bg6 8. Bxf6 Qxf6 9. Qxf6 gxf6 10. h4 h5 11. Nh3 Nd7 12. g3 Nb6 13. Nf4 Nc8 14. Kd2 Nd6 15. Bd3 f5 16. f3 Be7 17. Rab1 Kd7 18. b4 b5 19. a4 a6 20. Rb2 Rab8 21. Ra1 Rb7 22. axb5 axb5 23. Ra5 Rg8 24. Nce2 Rgb8 25. Kc3 Nc4 26. Bxc4 bxc4 27. Ra4 Bd6 28. Nc1 Ke7 29. Na2 Kf6 30. Ra6 Rb6 31. Rxb6 Rxb6 32. Nc1 Rb8 33. Na2 Kg7 34. Nc1 Kh6 35. Nce2 Rb5 36. Ng2 Rb8 37. Ne1 f6 38. Nc2 Ra8 39. f4 Be8 40. Nc1 Bd7 41. Ra2 Rxa2 42. Nxa2 Bc8 43. Kb2 Kg7 44. Nc3 Ba6 45. Na4 Kf7 46. Kc3 Bb5 47. Nb2 Ke7 48. Na3 Ba6 49. Na4 Bc8 50. Nc5 Bd7 51. Nb1 Ke8 52. Kb2 Ke7 53. Ka3 Bc7 54. Ka4 Bb6 55. Nc3 Kd6 56. Nxd7 Kxd7 57. Nb1 Kd6 58. Nc3 1/2-1/2

[Event "EYCC Open-U12 2019"]
[Site "Bratislava"]
[Date "2019.08.06"]
[Round "5.37"]
[White "Bunic, Emanuel"]
[Black "Stork, Christopher"]
[Result "0-1"]
[ECO "A57"]
[WhiteElo "1718"]
[BlackElo "1905"]
[Annotator "NA"]
[PlyCount "121"]
[EventDate "2019.08.02"]
[EventType "swiss"]
[EventCountry "SVK"]
[SourceTitle "playchess.com"]
[Source "ChessBase"]
[SourceQuality "1"]
[TimeControl "40/5400+30:1800+30"]

1. d4 Nf6 2. c4 c5 3. d5 b5 4. cxb5 a6 5. b6 Qxb6 6. Nc3 d6 7. e4 g6 8. Bd3 Bg7 9. Nge2 O-O 10. O-O Nbd7 11. Bc2 Bb7 12. Kh1 Rac8 13. Rb1 Rfd8 14. Na4 Qc7 15. Bd2 a5 16. Bc3 Ra8 17. Qd2 Ra7 18. b3 Rda8 19. Nb2 Nb6 20. a4 Ne8 21. Nc4 Nxc4 22. bxc4 Bxc3 23. Nxc3 Ba6 24. Bd3 Nf6 25. Nb5 Bxb5 26. Rxb5 Nd7 27. Rfb1 Rb8 28. R1b3 Rxb5 29. Rxb5 Ra6 30. f4 Qa7 31. Qc3 Nb6 32. Qb3 Qc7 33. Kg1 f6 34. Kf2 Kf7 35. Be2 Na8 36. Qc3 Qa7 37. Ke3 Nc7 38. Rb3 Rb6 39. Qb2 Rb4 40. Rxb4 cxb4+ 41. Qd4 Qxd4+ 42. Kxd4 Na6 43. Bd1 Nc5 44. e5 fxe5+ 45. fxe5 Kg7 46. g4 g5 47. e6 h6 48. Ke3 Kf6 49. Kd4 Kg6 50. Ke3 Kg7 51. h3 Kf6 52. Kd4 b3 53. Kc3 Ke5 54. Be2 Ke4 55. Kb2 Ke3 56. Bd1 Kd3 57. Bf3 Kxc4 58. Ka3 Kc3 59. Bd1 b2 60. Ka2 Kd2 61. Bc2 0-1

[Event "EYCC Open-U12 2019"]
[Site "Bratislava"]
[Date "2019.08.06"]
[Round "5.38"]
[White "Andreev, Konstantin"]
[Black "Paseka, Matyas"]
[Result "1-0"]
[ECO "D30"]
[WhiteElo "2271"]
[BlackElo "1917"]
[Annotator "NA"]
[PlyCount "71"]
[EventDate "2019.08.02"]
[EventType "swiss"]
[EventCountry "SVK"]
[SourceTitle "playchess.com"]
[Source "ChessBase"]
[SourceQuality "1"]
[TimeControl "40/5400+30:1800+30"]

1. d4 d5 2. c4 e6 3. Nf3 c5 4. g3 Nc6 5. Bg2 Nf6 6. O-O Be7 7. dxc5 Bxc5 8. a3 O-O 9. b4 Be7 10. Bb2 b6 11. Nbd2 Bb7 12. cxd5 Nxd5 13. Nc4 Rc8 14. Rc1 b5 15. Ncd2 Nb6 16. Qb3 Na4 17. Ba1 Qb6 18. Bh3 Rfd8 19. Rfd1 Bf8 20. Bxe6 Rc7 21. Ng5 Rd6 22. Bxf7+ Kh8 23. Be5 Nxe5 24. Rxc7 Qxc7 25. Bh5 Rh6 26. Bf3 Rf6 27. Bxb7 Qxb7 28. Nde4 Rg6 29. f4 Nc4 30. Qf3 Qb6+ 31. Kh1 Nab2 32. Qh5 h6 33. Rd7 Rxg5 34. fxg5 Qc6 35. Qe8 Kh7 36. Rxg7+ 1-0

[Event "EYCC Open-U12 2019"]
[Site "Bratislava"]
[Date "2019.08.06"]
[Round "5.39"]
[White "Asllani, Dorian"]
[Black "Ivanov, Svetlen"]
[Result "0-1"]
[ECO "D20"]
[WhiteElo "1718"]
[BlackElo "1717"]
[Annotator "NA"]
[PlyCount "68"]
[EventDate "2019.08.02"]
[EventType "swiss"]
[EventCountry "SVK"]
[SourceTitle "playchess.com"]
[Source "ChessBase"]
[SourceQuality "1"]
[TimeControl "40/5400+30:1800+30"]

1. d4 d5 2. c4 dxc4 3. Nc3 Nc6 4. e3 e5 5. d5 Na5 6. Qa4+ c6 7. dxc6 Nxc6 8. Bxc4 Nf6 9. Nf3 Bd6 10. O-O O-O 11. h3 a6 12. Qc2 b5 13. Bb3 Bb7 14. Rd1 Qe7 15. Qe2 e4 16. Nd2 Qe5 17. Nf1 Rad8 18. a3 Qg5 19. Nd5 Ne5 20. Nf4 Nd3 21. g3 Ne5 22. Bd2 Nf3+ 23. Kg2 Bc8 24. Ba5 Bxf4 25. Rxd8 Bxh3+ 26. Kxh3 Ng1+ 27. Kg2 Nxe2 28. Rxf8+ Kxf8 29. exf4 Nxf4+ 30. Kg1 Ne2+ 31. Kg2 Qf5 32. Nh2 Ng4 33. Bb6 Nxh2 34. Kxh2 Qh5+ 0-1

[Event "EYCC Open-U12 2019"]
[Site "Bratislava"]
[Date "2019.08.06"]
[Round "5.40"]
[White "Stevanovic, Jovan"]
[Black "Fizer, Marek"]
[Result "1-0"]
[ECO "A04"]
[WhiteElo "1783"]
[BlackElo "1624"]
[Annotator "NA"]
[PlyCount "119"]
[EventDate "2019.08.02"]
[EventType "swiss"]
[EventCountry "SVK"]
[SourceTitle "playchess.com"]
[Source "ChessBase"]
[SourceQuality "1"]
[TimeControl "40/5400+30:1800+30"]

1. Nf3 c5 2. c4 Nc6 3. Nc3 e5 4. g3 g6 5. Bg2 Bg7 6. O-O Nge7 7. d3 O-O 8. Rb1 Rb8 9. a3 a6 10. b4 cxb4 11. axb4 b5 12. c5 d6 13. cxd6 Qxd6 14. Be3 Qc7 15. Bc5 f5 16. Ng5 Bh6 17. Qb3+ Kg7 18. Ne6+ Bxe6 19. Qxe6 Rf6 20. Qa2 Qc8 21. Nd5 Nxd5 22. Qxd5 Qd8 23. Ra1 Qxd5 24. Bxd5 Nd4 25. Ra2 f4 26. Kg2 Rd8 27. Be4 Kf7 28. Bb7 Rb8 29. Bd5+ Ke8 30. e3 Rf5 31. gxf4 exf4 32. Bxd4 Rxd5 33. Rxa6 Bf8 34. Rb1 Rc8 35. Re6+ Kf7 36. Rf6+ Ke7 37. Rxf4 Rc2 38. Bc5+ Rdxc5 39. bxc5 Rxc5 40. Rfb4 Rg5+ 41. Kf1 Rh5 42. Rxb5 Rxh2 43. d4 Ke6 44. Kg1 Rh4 45. Rb7 Rg4+ 46. Kf1 h5 47. R1b6+ Kd5 48. Ke2 h4 49. Kd3 Bd6 50. Rd7 Ke6 51. Rdxd6+ Ke7 52. Rxg6 Rxg6 53. Rxg6 h3 54. Rh6 h2 55. Rxh2 Kf6 56. Rh5 Kg6 57. Ra5 Kf6 58. Ke4 Ke7 59. Ra6 Kd7 60. Kd5 1-0

[Event "EYCC Open-U12 2019"]
[Site "Bratislava"]
[Date "2019.08.06"]
[Round "5.41"]
[White "Musaev, Matej Elbek"]
[Black "Franc, Borna"]
[Result "1/2-1/2"]
[ECO "C50"]
[WhiteElo "1693"]
[BlackElo "1826"]
[Annotator "NA"]
[PlyCount "87"]
[EventDate "2019.08.02"]
[EventType "swiss"]
[EventCountry "SVK"]
[SourceTitle "playchess.com"]
[Source "ChessBase"]
[SourceQuality "1"]
[TimeControl "40/5400+30:1800+30"]

1. e4 e5 2. Nf3 Nc6 3. Bc4 Bc5 4. O-O Nf6 5. Re1 d6 6. c3 Bg4 7. h3 Bxf3 8. Qxf3 Qe7 9. d3 h6 10. b4 Bb6 11. a4 a5 12. Bd2 O-O 13. b5 Nd8 14. Be3 Bxe3 15. fxe3 Ne6 16. Nd2 c6 17. Qg3 Nc5 18. Nf3 Nh5 19. Qg4 Nf6 20. Qg3 d5 21. Nh4 Qe6 22. Nf5 Ne8 23. Ba2 Nxd3 24. Red1 Nc5 25. Qg4 Nxe4 26. Qxe4 dxe4 27. Bxe6 fxe6 28. Ne7+ Kh7 29. bxc6 bxc6 30. Nxc6 Rc8 31. Nxa5 Rxc3 32. Re1 Nd6 33. Rac1 Rfc8 34. Rxc3 Rxc3 35. Kf2 Ra3 36. Nc6 Rxa4 37. Nxe5 Nf5 38. Nd7 Ra2+ 39. Re2 Ra8 40. Nc5 Rf8 41. Nxe6 Rf6 42. Nf4 Ne7 43. Kg1 g5 44. Nh5 1/2-1/2

[Event "EYCC Open-U12 2019"]
[Site "Bratislava"]
[Date "2019.08.06"]
[Round "5.42"]
[White "Vilimek, Vit"]
[Black "Venkatesan, Kavin"]
[Result "0-1"]
[ECO "B20"]
[WhiteElo "1523"]
[BlackElo "1797"]
[Annotator "NA"]
[PlyCount "34"]
[EventDate "2019.08.02"]
[EventType "swiss"]
[EventCountry "SVK"]
[SourceTitle "playchess.com"]
[Source "ChessBase"]
[SourceQuality "1"]
[TimeControl "40/5400+30:1800+30"]

1. e4 c5 2. b4 cxb4 3. Nf3 d6 4. a3 bxa3 5. Nxa3 Nf6 6. d3 g6 7. Be3 Bg7 8. h3 O-O 9. Nc4 Nbd7 10. Qc1 d5 11. exd5 Nxd5 12. Bh6 Bc3+ 13. Ncd2 Bxa1 14. Qxa1 N7f6 15. h4 Re8 16. h5 e5 17. Qa4 e4 0-1

[Event "EYCC Open-U12 2019"]
[Site "Bratislava"]
[Date "2019.08.06"]
[Round "5.43"]
[White "Leal Prado, David Elias"]
[Black "Zlatkov, Anton"]
[Result "1-0"]
[ECO "D35"]
[WhiteElo "1741"]
[BlackElo "1782"]
[Annotator "NA"]
[PlyCount "73"]
[EventDate "2019.08.02"]
[EventType "swiss"]
[EventCountry "SVK"]
[SourceTitle "playchess.com"]
[Source "ChessBase"]
[SourceQuality "1"]
[TimeControl "40/5400+30:1800+30"]

1. d4 d5 2. c4 e6 3. Nc3 Nf6 4. cxd5 exd5 5. Bg5 Be7 6. e3 O-O 7. Bd3 c6 8. Qc2 Nbd7 9. Nge2 Re8 10. O-O Nf8 11. f3 Be6 12. e4 Qb6 13. Kh1 Rad8 14. e5 N6d7 15. Bxe7 Rxe7 16. h3 g6 17. f4 f5 18. a3 a6 19. Na4 Qa7 20. b4 Nb8 21. Rfc1 Rc8 22. Rg1 h5 23. g4 hxg4 24. hxg4 Rh7+ 25. Kg2 Rg7 26. gxf5 gxf5+ 27. Kf2 b5 28. Nc5 Qe7 29. Rxg7+ Kxg7 30. Rg1+ Kf7 31. Bxf5 Qh4+ 32. Ke3 Qh6 33. Nxe6 Nxe6 34. Bxe6+ Qxe6 35. Qh7+ Kf8 36. f5 Qf7 37. Qh8+ 1-0

[Event "EYCC Open-U12 2019"]
[Site "Bratislava"]
[Date "2019.08.06"]
[Round "5.44"]
[White "Lye, Sverre"]
[Black "Werner, Hong Quan Dan"]
[Result "0-1"]
[ECO "B33"]
[WhiteElo "1839"]
[BlackElo "1734"]
[Annotator "NA"]
[PlyCount "70"]
[EventDate "2019.08.02"]
[EventType "swiss"]
[EventCountry "SVK"]
[SourceTitle "playchess.com"]
[Source "ChessBase"]
[SourceQuality "1"]
[TimeControl "40/5400+30:1800+30"]

1. e4 c5 2. Nf3 Nc6 3. d4 cxd4 4. Nxd4 Nf6 5. Nc3 e5 6. Ndb5 d6 7. Bg5 a6 8. Na3 b5 9. Nd5 Qa5+ 10. Bd2 Qd8 11. Bg5 Be7 12. Bxf6 Bxf6 13. c3 Ne7 14. Nxf6+ gxf6 15. Be2 Rg8 16. O-O f5 17. exf5 Bxf5 18. Nc2 Be6 19. a4 bxa4 20. Rxa4 d5 21. Kh1 Qb6 22. Qa1 Bc8 23. Ra5 Qg6 24. Ne1 Bb7 25. Bd3 Qg4 26. Bxh7 Rh8 27. Bd3 e4 28. Bxa6 Rxa6 29. Rxa6 Qe2 30. Rg1 Bxa6 31. c4 Bc8 32. Qa4+ Kf8 33. Qb4 Rxh2+ 34. Kxh2 Qh5+ 35. Kg3 Qg4+ {[%emt 0:00:00] Kh4 Qxh4} 0-1

[Event "EYCC Open-U12 2019"]
[Site "Bratislava"]
[Date "2019.08.06"]
[Round "5.45"]
[White "Snitsarenko, Igor"]
[Black "Hald Falkesgaard, Jeppe"]
[Result "1-0"]
[ECO "B47"]
[WhiteElo "1481"]
[BlackElo "1815"]
[Annotator "NA"]
[PlyCount "65"]
[EventDate "2019.08.02"]
[EventType "swiss"]
[EventCountry "SVK"]
[SourceTitle "playchess.com"]
[Source "ChessBase"]
[SourceQuality "1"]
[TimeControl "40/5400+30:1800+30"]

1. e4 c5 2. Nf3 e6 3. d4 cxd4 4. Nxd4 Nc6 5. Nc3 Qc7 6. g3 a6 7. Bg2 Nf6 8. O-O Be7 9. Re1 O-O 10. Be3 d6 11. Na4 Nxd4 12. Bxd4 e5 13. Be3 b5 14. Nb6 Rb8 15. Nxc8 Rfxc8 16. Rc1 Qa5 17. a3 Rc6 18. Qd3 Rbc8 19. Bd2 Qc7 20. c3 Nd7 21. Be3 Nb6 22. Bxb6 Qxb6 23. Rc2 a5 24. h4 b4 25. axb4 axb4 26. Rec1 Qc7 27. Bh3 Rb8 28. cxb4 Rxc2 29. Rxc2 Qa7 30. Qa3 Qd4 31. Qf3 Qxb4 32. Rc7 Rb7 33. Be6 1-0

[Event "EYCC Open-U12 2019"]
[Site "Bratislava"]
[Date "2019.08.06"]
[Round "5.46"]
[White "Shinkarov, Artem"]
[Black "Kolani, Arjun"]
[Result "1-0"]
[ECO "A36"]
[WhiteElo "1798"]
[BlackElo "1699"]
[Annotator "NA"]
[PlyCount "81"]
[EventDate "2019.08.02"]
[EventType "swiss"]
[EventCountry "SVK"]
[SourceTitle "playchess.com"]
[Source "ChessBase"]
[SourceQuality "1"]
[TimeControl "40/5400+30:1800+30"]

1. c4 g6 2. Nc3 c5 3. g3 Bg7 4. Bg2 Nc6 5. d3 Nf6 6. e4 d6 7. Nge2 O-O 8. O-O a6 9. h3 Rb8 10. f4 Ne8 11. Be3 Nd4 12. Rb1 b5 13. cxb5 axb5 14. b4 Nc7 15. bxc5 dxc5 16. e5 Bf5 17. Ne4 Nd5 18. Bd2 Qb6 19. Kh2 Rfd8 20. Nxd4 cxd4 21. Qb3 Be6 22. Qb2 b4 23. Rfc1 Rdc8 24. Rxc8+ Rxc8 25. Bxb4 Rb8 26. a3 f6 27. exf6 exf6 28. Nc5 Nxb4 29. Qxb4 Qxb4 30. Rxb4 Rxb4 31. axb4 Bc8 32. b5 Bf8 33. Bd5+ Kg7 34. Nb3 Bd7 35. b6 Bd6 36. Nxd4 Kf8 37. Nb3 Ke8 38. d4 Ba4 39. Nc5 Bxc5 40. dxc5 Kd7 41. Kg2 1-0

[Event "EYCC Open-U12 2019"]
[Site "Bratislava"]
[Date "2019.08.06"]
[Round "5.47"]
[White "Cina', Vittorio"]
[Black "Suleymanov, Ali"]
[Result "0-1"]
[ECO "A45"]
[WhiteElo "1780"]
[BlackElo "1733"]
[Annotator "NA"]
[PlyCount "87"]
[EventDate "2019.08.02"]
[EventType "swiss"]
[EventCountry "SVK"]
[SourceTitle "playchess.com"]
[Source "ChessBase"]
[SourceQuality "1"]
[TimeControl "40/5400+30:1800+30"]

1. d4 Nf6 2. Bg5 e6 3. e4 h6 4. Bxf6 Qxf6 5. c3 b6 6. Qf3 Qxf3 7. Nxf3 Bb7 8. Bd3 Be7 9. O-O O-O 10. Nbd2 c5 11. Rfe1 cxd4 12. cxd4 d5 13. exd5 Bxd5 14. Be4 Bxe4 15. Nxe4 Nc6 16. Nc3 Bf6 17. Red1 Rfd8 18. Ne2 Rac8 19. Rd2 Rd6 20. Rad1 Rcd8 21. g3 g5 22. h3 Bg7 23. g4 a6 24. Kg2 b5 25. a3 Na5 26. Rc2 e5 27. Ng3 exd4 28. Nf5 R6d7 29. Nxg7 Kxg7 30. Ne5 Rd5 31. b4 Rxe5 32. bxa5 Re4 33. Kf3 Rf4+ 34. Kg3 d3 35. Rc6 d2 36. Rxa6 Re4 37. Rb6 Re1 38. Rxd2 Rxd2 39. a6 Rd3+ 40. Kg2 Rxa3 41. h4 gxh4 42. f4 Re2+ 43. Kf1 Rb2 44. Rb7 0-1

[Event "EYCC Open-U12 2019"]
[Site "Bratislava"]
[Date "2019.08.06"]
[Round "5.48"]
[White "Kostelidis, Georgios"]
[Black "Wahlgreen, Noah"]
[Result "0-1"]
[ECO "A45"]
[WhiteElo "1406"]
[BlackElo "1743"]
[Annotator "NA"]
[PlyCount "70"]
[EventDate "2019.08.02"]
[EventType "swiss"]
[EventCountry "SVK"]
[SourceTitle "playchess.com"]
[Source "ChessBase"]
[SourceQuality "1"]
[TimeControl "40/5400+30:1800+30"]

1. d4 Nf6 2. Bf4 g6 3. Nc3 Bg7 4. e4 d6 5. Qd2 O-O 6. O-O-O Re8 7. Nf3 c6 8. Bh6 Bh8 9. h4 b5 10. e5 Ng4 11. Bf4 Bf5 12. exd6 exd6 13. d5 b4 14. Nb1 Qf6 15. c3 Bxb1 16. Bg5 bxc3 17. Qxc3 Qxc3+ 18. bxc3 Nxf2 19. Bc4 Nxh1 20. Rxh1 Bf5 21. h5 Bxc3 22. hxg6 hxg6 23. Nd2 a5 24. Kd1 cxd5 25. Bxd5 Ra7 26. g4 Bxg4+ 27. Kc2 Rc7 28. Nc4 Bg7 29. Kd3 Rc5 30. Bxf7+ Kxf7 31. Nxd6+ Kf8 32. Bh4 Rc3+ 33. Kd2 Re2+ 34. Kd1 Rh2+ 35. Ke1 Rc1# 0-1

[Event "EYCC Open-U12 2019"]
[Site "Bratislava"]
[Date "2019.08.06"]
[Round "5.49"]
[White "Aasen, Joakim"]
[Black "Trzebinski, Patryk"]
[Result "1/2-1/2"]
[ECO "B28"]
[WhiteElo "1718"]
[BlackElo "1679"]
[Annotator "NA"]
[PlyCount "92"]
[EventDate "2019.08.02"]
[EventType "swiss"]
[EventCountry "SVK"]
[SourceTitle "playchess.com"]
[Source "ChessBase"]
[SourceQuality "1"]
[TimeControl "40/5400+30:1800+30"]

1. e4 c5 2. Nf3 a6 3. c4 e6 4. d4 cxd4 5. Nxd4 b6 6. Nc3 Bb7 7. Be3 Bc5 8. Be2 Ne7 9. O-O O-O 10. Qd2 Nbc6 11. Rfd1 Qc7 12. a3 Rad8 13. Rac1 f5 14. exf5 Nxd4 15. Bxd4 Nxf5 16. Bxc5 bxc5 17. Bd3 Nh4 18. Be4 Rf6 19. Qd6 Qc8 20. Qe7 Ng6 21. Bxb7 Nxe7 22. Bxc8 Nxc8 23. Ne4 Rf5 24. Nd6 Re5 25. Nxc8 Rxc8 26. Rxd7 Re2 27. b4 cxb4 28. axb4 Rxc4 29. Rcd1 Rxb4 30. Ra7 Rd2 31. Rc1 Rc2 32. Rd1 Rd2 33. Rc1 Rc2 34. Rd1 Rd4 35. Rb1 Rcd2 36. Rb8+ Rd8 37. Rxd8+ Rxd8 38. f4 Rd6 39. Kf2 h5 40. Ke3 Kh7 41. h3 Kg6 42. Ke4 Kf6 43. g4 hxg4 44. hxg4 g5 45. fxg5+ Kxg5 46. Ke5 Rc6 1/2-1/2

[Event "EYCC Open-U12 2019"]
[Site "Bratislava"]
[Date "2019.08.06"]
[Round "5.50"]
[White "Stevik, Patrik"]
[Black "Farmakoski, Georg"]
[Result "1/2-1/2"]
[ECO "A05"]
[WhiteElo "1941"]
[BlackElo "1355"]
[Annotator "NA"]
[PlyCount "79"]
[EventDate "2019.08.02"]
[EventType "swiss"]
[EventCountry "SVK"]
[SourceTitle "playchess.com"]
[Source "ChessBase"]
[SourceQuality "1"]
[TimeControl "40/5400+30:1800+30"]

1. Nf3 Nf6 2. c4 c5 3. Nc3 g6 4. g3 Bg7 5. Bg2 O-O 6. O-O Nc6 7. a3 d5 8. cxd5 Nxd5 9. Nxd5 Qxd5 10. d3 Qd8 11. Qc2 Nd4 12. Nxd4 cxd4 13. Bd2 Rb8 14. Rfc1 Bf5 15. b4 Rc8 16. Qb2 Qd7 17. b5 Rxc1+ 18. Rxc1 Rc8 19. Rxc8+ Qxc8 20. a4 e5 21. b6 a6 22. Bb4 Bd7 23. a5 Bb5 24. Bd6 Qd7 25. Qb4 Bc6 26. Qc5 Bxg2 27. Kxg2 Qe6 28. Kg1 h5 29. e4 dxe3 30. fxe3 e4 31. d4 Bh6 32. Bf4 Bxf4 33. exf4 e3 34. Qe5 Qb3 35. Kg2 Qc2+ 36. Kh3 e2 37. Qe8+ Kg7 38. Qe5+ Kh7 39. Qe7 Qa2 40. d5 1/2-1/2

[Event "EYCC Open-U12 2019"]
[Site "Bratislava"]
[Date "2019.08.06"]
[Round "5.51"]
[White "Soucek, Jan"]
[Black "Pingin, Artem"]
[Result "0-1"]
[ECO "B41"]
[WhiteElo "1577"]
[BlackElo "2155"]
[Annotator "NA"]
[PlyCount "132"]
[EventDate "2019.08.02"]
[EventType "swiss"]
[EventCountry "SVK"]
[SourceTitle "playchess.com"]
[Source "ChessBase"]
[SourceQuality "1"]
[TimeControl "40/5400+30:1800+30"]

1. e4 c5 2. Nf3 e6 3. d4 cxd4 4. Nxd4 a6 5. c4 Nf6 6. Nc3 Qc7 7. Be2 Bb4 8. Qc2 Qe5 9. Be3 Qxe4 10. Bd3 Qe5 11. Nde2 Qc7 12. h3 d5 13. Qa4+ Nc6 14. O-O dxc4 15. Bxc4 O-O 16. Rac1 Bd7 17. Qb3 b5 18. Bd3 Be7 19. Ne4 Nd5 20. Bc5 Bxc5 21. Nxc5 Qd6 22. Be4 Nce7 23. Nxd7 Qxd7 24. Rcd1 Qc7 25. Rc1 Qb6 26. Nc3 Nxc3 27. Rxc3 Rac8 28. Rfc1 g6 29. Rxc8 Rxc8 30. Rxc8+ Nxc8 31. Qc3 Nd6 32. Bf3 b4 33. Qd2 a5 34. a3 bxa3 35. bxa3 Qc5 36. Qb2 Nb5 37. a4 Nc3 38. Qb8+ Kg7 39. Qb2 Qb4 40. Qa1 Qb1+ 41. Qxb1 Nxb1 42. Bd1 Kf6 43. Bc2 Nc3 44. Kf1 Ke5 45. Ke1 Kd4 46. Kd2 Kc4 47. h4 Kb4 48. g4 Nxa4 49. g5 Nc5 50. Ke3 Nb3 51. Kf4 a4 52. Ke5 a3 53. Bb1 Kc3 54. Kf6 Kb2 55. Kxf7 Kxb1 56. Kg7 a2 57. Kxh7 a1=Q 58. Kxg6 Qh8 59. h5 Nd4 60. h6 Nf5 61. f4 Qf8 62. Kh5 Nxh6 63. gxh6 Qf5+ 64. Kh4 Qxf4+ 65. Kh5 Qf5+ 66. Kh4 Qg6 0-1

[Event "EYCC Open-U12 2019"]
[Site "Bratislava"]
[Date "2019.08.06"]
[Round "5.52"]
[White "Isaksson, Philip"]
[Black "Nemsadze, Daviti"]
[Result "0-1"]
[ECO "B30"]
[WhiteElo "1646"]
[BlackElo "1794"]
[Annotator "NA"]
[PlyCount "122"]
[EventDate "2019.08.02"]
[EventType "swiss"]
[EventCountry "SVK"]
[SourceTitle "playchess.com"]
[Source "ChessBase"]
[SourceQuality "1"]
[TimeControl "40/5400+30:1800+30"]

1. e4 c5 2. Nf3 Nc6 3. Bb5 e6 4. O-O Nge7 5. c3 a6 6. Bd3 d5 7. Re1 g6 8. Bc2 Bg7 9. e5 d4 10. cxd4 cxd4 11. d3 Qc7 12. Bf4 h6 13. Bg3 Nf5 14. Qe2 Nxg3 15. hxg3 O-O 16. Bb3 b5 17. Nbd2 Bb7 18. Rac1 Qb6 19. a3 Rfd8 20. Rc2 Rac8 21. Rec1 Qa7 22. Ba2 Qb8 23. Re1 Nxe5 24. Rxc8 Nxf3+ 25. Nxf3 Rxc8 26. Nh4 g5 27. Nf3 Rc5 28. Qd2 Qc7 29. Bb3 Bf6 30. Qe2 Kg7 31. Qd2 Qc6 32. g4 Qc7 33. Rd1 Kh7 34. Re1 Qc6 35. Re4 Qc7 36. Re1 Kg6 37. Qe2 Qf4 38. Qd1 Kg7 39. Nd2 Rc8 40. Qe2 Qd6 41. Ne4 Qc6 42. Qf3 Be7 43. Qg3 Qc7 44. Qf3 Rf8 45. Qe2 Qc6 46. Qf1 Rc8 47. Ng3 a5 48. Nf5+ Kf8 49. Nxd4 Qc5 50. Ne2 a4 51. Rc1 Qe5 52. Rxc8+ Bxc8 53. d4 Qe4 54. Ba2 b4 55. Bb1 Qb7 56. axb4 Qxb4 57. Qc1 Ba6 58. Qc3 Bxe2 59. Qc8+ Kg7 60. Qc3 Ba6 61. Qc1 Qxd4 0-1

[Event "EYCC Open-U12 2019"]
[Site "Bratislava"]
[Date "2019.08.06"]
[Round "5.53"]
[White "Stogr, Viktor"]
[Black "De Reese, Elias"]
[Result "0-1"]
[ECO "B07"]
[WhiteElo "1583"]
[BlackElo "1850"]
[Annotator "NA"]
[PlyCount "62"]
[EventDate "2019.08.02"]
[EventType "swiss"]
[EventCountry "SVK"]
[SourceTitle "playchess.com"]
[Source "ChessBase"]
[SourceQuality "1"]
[TimeControl "40/5400+30:1800+30"]

1. e4 d6 2. d4 Nf6 3. Nc3 Nbd7 4. Nf3 e5 5. dxe5 dxe5 6. Bd3 Bc5 7. Bd2 O-O 8. O-O c6 9. h3 b5 10. Ne2 a5 11. Ng3 Re8 12. Qe2 Bb6 13. Nf5 Nc5 14. Ne1 Bxf5 15. exf5 e4 16. Bxb5 cxb5 17. Qxb5 Qxd2 18. Qxb6 Qb4 19. Qc7 Rac8 20. Qh2 Qxb2 21. Rd1 Qxa2 22. g4 Qb2 23. f4 e3 24. Rf3 e2 25. Rd2 Qc1 26. Rxe2 Rxe2 27. Qxe2 Re8 28. g5 Rxe2 29. gxf6 Qxe1+ 30. Rf1 Qg3+ 31. Kh1 Qg2# 0-1

[Event "EYCC Open-U12 2019"]
[Site "Bratislava"]
[Date "2019.08.06"]
[Round "5.54"]
[White "Gregoric, Andraz"]
[Black "Ortiz Padro, Pol"]
[Result "1-0"]
[ECO "B01"]
[WhiteElo "1911"]
[BlackElo "1546"]
[Annotator "NA"]
[PlyCount "95"]
[EventDate "2019.08.02"]
[EventType "swiss"]
[EventCountry "SVK"]
[SourceTitle "playchess.com"]
[Source "ChessBase"]
[SourceQuality "1"]
[TimeControl "40/5400+30:1800+30"]

1. e4 d5 2. exd5 Qxd5 3. Nc3 Qa5 4. d4 Nf6 5. Nf3 Nc6 6. Bb5 Bd7 7. O-O O-O-O 8. h3 h6 9. Bxc6 Bxc6 10. Ne5 Be8 11. Be3 Nd7 12. Nc4 Qa6 13. Qe2 Nb6 14. Nxb6+ Qxb6 15. Rab1 Qg6 16. Qg4+ Qxg4 17. hxg4 Bd7 18. f3 g6 19. Rfd1 Bg7 20. Ne4 b6 21. c4 f5 22. gxf5 Bxf5 23. Rbc1 Bxe4 24. fxe4 e5 25. d5 Bf8 26. Rf1 Be7 27. Rf7 Rd7 28. Rcf1 Bc5 29. Bxc5 Rxf7 30. Rxf7 bxc5 31. Rf6 Rd8 32. Rxg6 Rd6 33. Rxd6 cxd6 34. Kf2 Kd7 35. Kf3 Ke7 36. Kg4 Kf6 37. Kh5 Kg7 38. a3 a5 39. b3 Kh7 40. g4 Kg7 41. g5 hxg5 42. Kxg5 Kf7 43. Kf5 Ke7 44. Kg6 Kd7 45. Kf7 Kc7 46. Ke7 Kb6 47. Kxd6 a4 48. bxa4 1-0